 Dungeon Crawl Stone Soup version 0.21.1-1-g345015f (webtiles) character file.

12496 diana the Carver (level 11, -9/80 HPs)
             Began as a Minotaur Gladiator on June 9, 2018.
             Was an Initiate of Gozag.
             Mangled by a cyclops (31 damage)
             ... on level 12 of the Dungeon.
             The game lasted 00:29:00 (9964 turns).

diana the Carver (Minotaur Gladiator)               Turns: 9964, Time: 00:29:00

Health: -9/80      AC: 14    Str: 19      XL:     11   Next: 63%
Magic:  22/22      EV: 23    Int: 13      God:    Gozag
Gold:   1604       SH:  0    Dex: 18 (19) Spells: 10/10 levels left

rFire    . . .     SeeInvis .   C - +2 great sword
rCold    . . .     Gourm    .   (shield currently unavailable)
rNeg     . . .     Faith    .   b - +5 leather armour of Vanity {MP+9 Dex+4 Stlth+}
rPois    .         Spirit   .   c - +0 hat
rElec    .         Reflect  .   (no cloak)
rCorr    .         Harm     .   a - +2 pair of gloves
MR       .....     Rnd*Tele +   (no boots)
Stlth    ++........             (no amulet)
HPRegen  0.23/turn              G - ring "Qulaa" {*Tele Int+8}
MPRegen  0.18/turn              q - +1 ring of protection

@: no status effects
A: retaliatory headbutt, horns 2, slimy green scales 1, deterioration 1
a: Potion Petition, Call Merchant, Bribe Branch, Renounce Religion


You were on level 12 of the Dungeon.
You worshipped Gozag.
Gozag was most pleased with you.
You were very hungry.

You visited 2 branches of the dungeon, and saw 13 of its levels.
You also visited: Labyrinth.

You collected 2252 gold pieces.
You spent 610 gold pieces at shops.
You paid 38 gold pieces to Gozag.

Inventory:

Hand Weapons
 C - a +2 great sword (weapon)
 M - a +0 triple sword
Missiles
 d - 4 throwing nets (quivered)
Armour
 a - a +2 pair of gloves (worn)
 b - the +5 leather armour of Vanity (worn) {MP+9 Dex+4 Stlth+}
   (You bought it in a shop on level 6 of the Dungeon)

   It affects your dexterity (+4).
   It affects your magic capacity (+9).
   It makes you more stealthy.
 c - a +0 hat (worn)
Jewellery
 e - an uncursed ring of resist corrosion
 j - an uncursed ring of see invisible
 q - a +1 ring of protection (right hand)
 G - the ring "Qulaa" (left hand) {*Tele Int+8}
   (You found it on level 8 of the Dungeon)

   [ring of teleportation]

   It may teleport you next to monsters.
   It affects your intelligence (+8).
 P - an uncursed ring of flight
Wands
 u - a wand of digging (25)
 w - a wand of iceblast (9)
 J - a wand of disintegration (20)
 L - a wand of polymorph (14)
 N - a wand of paralysis (9)
 O - a wand of random effects (26)
 W - a wand of acid (2)
Scrolls
 g - 4 scrolls of amnesia
 h - 2 scrolls of enchant armour
 s - a scroll of magic mapping
 v - 4 scrolls of blinking
 y - 2 scrolls of identify
 z - 2 scrolls of teleportation
 B - a scroll of brand weapon {unknown}
 H - 4 scrolls of remove curse
 K - 2 scrolls of fog {unknown}
 R - 2 scrolls of noise {unknown}
Potions
 i - 3 potions of flight {unknown}
 k - 3 potions of degeneration {unknown}
 l - 2 potions of haste {unknown}
 n - 2 potions of cancellation {unknown}
 o - 5 potions of lignification {unknown}
 p - 5 potions of curing
 r - 2 potions of agility {unknown}
 t - a potion of magic {unknown}
 x - a potion of invisibility {unknown}
 A - a potion of resistance {unknown}
 D - 3 potions of ambrosia {unknown}
 F - 2 potions of mutation
 I - a potion of brilliance {unknown}
 S - 2 potions of heal wounds {unknown}
Books
 m - a book of Beasts

   Spells                             Type                      Level
   a - Summon Butterflies             Summoning                    1
   b - Call Canine Familiar           Summoning                    3
   c - Summon Ice Beast               Ice/Summoning                4
   d - Summon Mana Viper              Hexes/Summoning              5
   e - Summon Hydra                   Summoning                    7
 E - a book of Air

   Spells                             Type                      Level
   a - Shock                          Conjuration/Air              1
   b - Swiftness                      Charms/Air                   2
   c - Static Discharge               Conjuration/Air              3
   d - Airstrike                      Air                          4
   e - Lightning Bolt                 Conjuration/Air              5
Comestibles
 f - 13 rations


   Skills:
 - Level 2.4 Fighting
 + Level 14.9 Long Blades
 - Level 2.0 Throwing
 + Level 13.9 Dodging
 + Level 4.0 Evocations


You had 10 spell levels left.
You didn't know any spells.

Dungeon Overview and Level Annotations

Branches:
Dungeon (12/15)            Temple (1/1) D:4            Lair (0/6) D:10
    Orc: D:9-12

Altars:
Ashenzari
Cheibriados
Dithmenos
Elyvilon
Fedhas
Gozag
Hepliaklqana
Kikubaaqudgha
Makhleb
Nemelex Xobeh
Okawaru
Qazlal
Ru
Sif Muna
Trog
Uskayaw
Vehumet
Wu Jian
Xom
Yredelemnul
Zin
The Shining One

Shops:
D:5 (   D:6 [

Annotations:
D:10 exclusion: 2 oklob plants


Innate Abilities, Weirdness & Mutations

You reflexively headbutt those who attack you in melee.
You have a pair of horns on your head.
You are partially covered in slimy green scales. (AC +2)
Your body sometimes deteriorates upon taking damage.


Message History

You barely miss the cyclops.
The cyclops is heavily wounded.
You hit the cyclops.
The cyclops is heavily wounded.
The cyclops hits you but does no damage.
A bullfrog comes into view.
You barely miss the cyclops.
The bullfrog gives a loud, deep croak!
You headbutt the cyclops!
The cyclops is heavily wounded.
The cyclops barely misses you.
You riposte.
You hit the cyclops. You headbutt the cyclops!
The cyclops is severely wounded.
You hit the cyclops but do no damage.
The cyclops is severely wounded.
You hit the cyclops. You headbutt the cyclops!
The cyclops is almost dead.
The cyclops hits you!!
You die...
Your body crumbles into a pile of gold.

.######### #######
.........#####.....#
⌠........##.@F.....#
..y...y..##C##.....#
.........#..##.....#
..⌠...y..$^######.##
.........### ##.#
..y####### #..#
#####'### #.......#
#.......#


You could see a cyclops and a bullfrog.

Vanquished Creatures
  A minotaur (Lab)
  A two-headed ogre (D:9)
  Nergalle (D:11)
  A cyclops (D:12)
  A gargoyle (D:12)
  A kobold demonologist (D:10)
  2 trolls (D:12)
  A hippogriff (D:8)
  2 shadows (Lab)
  A wyvern (D:11)
  Sigmund (D:4)
  14 yaks (D:10)
  A vampire mosquito (D:12)
  The ghost of RottenKnight the Vandal, an amateur HaHu (D:3)
  4 porcupines (D:10)
  2 ice beasts (D:8)
  6 orc warriors
  A phantom (D:11)
  3 sky beasts
  5 ogres
  A black bear (D:10)
  3 crocodiles
  A big kobold (D:9)
  8 bullfrogs
  A wyvern zombie (D:10)
  2 scorpions
  13 wights
  3 howler monkeys
  9 crimson imps
  A quasit (D:6)
  5 hounds
  4 jellies
  4 bullfrog skeletons
  Crazy Yiuf (D:7)
  5 orc priests
  17 orc wizards
  2 centaur skeletons
  8 iguanas
  6 worker ants
  2 worker ant zombies
  A howler monkey zombie (D:10)
  4 gnolls (D:6)
  14 adders
  3 shadow imps
  4 oozes
  An adder skeleton (D:10)
  An adder zombie (D:5)
  6 worms
  2 dart slugs
  6 leopard geckos
  62 orcs
  2 ball pythons (D:3)
  8 giant cockroaches
  6 goblins
  9 hobgoblins
  13 jackals
  14 kobolds
  3 quokkas
  A ball python skeleton (D:5)
  13 bats
  6 frilled lizards
  A leopard gecko skeleton (D:4)
  6 rats
332 creatures vanquished.

Vanquished Creatures (others)
  2 bushes (D:10)
  2 fungi (D:10)
  14 plants (D:10)
18 creatures vanquished.

Grand Total: 350 creatures vanquished

Notes
Turn   | Place    | Note
-------+----------+-------------------------------------------
     0 | D:1      | diana the Minotaur Gladiator began the quest for the Orb.
     0 | D:1      | Reached XP level 1. HP: 18/18 MP: 0/0
    75 | D:1      | Reached skill level 4 in Long Blades
    75 | D:1      | Reached XP level 2. HP: 25/25 MP: 1/1
   402 | D:1      | Reached XP level 3. HP: 30/30 MP: 2/2
   889 | D:2      | Reached XP level 4. HP: 33/37 MP: 3/3
   989 | D:2      | Reached skill level 5 in Long Blades
  1340 | D:3      | Reached skill level 5 in Dodging
  1340 | D:3      | Reached XP level 5. HP: 29/42 MP: 4/4
  1448 | D:3      | Noticed RottenKnight's ghost (amateur HaHu)
  1457 | D:3      | Killed RottenKnight's ghost
  1457 | D:3      | Reached skill level 6 in Long Blades
  1457 | D:3      | Reached XP level 6. HP: 18/50 MP: 5/5
  1871 | D:3      | Found a burning altar of Makhleb.
  2113 | D:4      | Reached skill level 7 in Long Blades
  2139 | D:4      | Reached XP level 7. HP: 56/56 MP: 6/6
  2193 | D:4      | Found a staircase to the Ecumenical Temple.
  2205 | Temple   | Entered the Ecumenical Temple
  2258 | Temple   | Became a worshipper of Gozag Ym Sagoz the Greedy
  2279 | D:4      | Noticed Sigmund
  2284 | D:4      | Killed Sigmund
  2396 | D:4      | Reached skill level 8 in Long Blades
  2636 | D:4      | Found a shattered altar of Ashenzari.
  2704 | D:5      | Entered Level 5 of the Dungeon
  2908 | D:5      | Reached XP level 8. HP: 38/62 MP: 7/7
  3229 | D:5      | Gained mutation: Your mind is acute. (Int +2) [potion of mutation]
  3229 | D:5      | Gained mutation: Your body sometimes deteriorates upon taking damage. [potion of mutation]
  3229 | D:5      | Gained mutation: You have supernaturally acute eyesight. (SInv) [potion of mutation]
  3504 | D:5      | Reached skill level 9 in Long Blades
  3653 | D:5      | Found Sesommy's Weapon Boutique.
  3901 | D:6      | Found Peentups's Antique Armour Emporium.
  3925 | D:6      | Bought a steaming leather armour for 217 gold pieces
  3935 | D:6      | Identified the cursed +1 leather armour of Dithmenos's Supremacy {*Drain rN+ Regen+ Stlth+} (You bought it in a shop on level 6 of the Dungeon)
  3936 | D:6      | Bought a pitted leather armour for 217 gold pieces
  3936 | D:6      | Identified the +5 leather armour of Vanity {MP+9 Dex+4 Stlth+} (You bought it in a shop on level 6 of the Dungeon)
  3967 | D:6      | Found an ornate altar of the Wu Jian Council.
  4077 | D:6      | Found a stormy altar of Qazlal.
  4146 | D:6      | Reached skill level 10 in Long Blades
  4288 | D:6      | Lost mutation: Your body sometimes deteriorates upon taking damage. [potion of mutation]
  4288 | D:6      | Lost mutation: You have supernaturally acute eyesight. (SInv) [potion of mutation]
  4288 | D:6      | Lost mutation: Your mind is acute. (Int +2) [potion of mutation]
  4288 | D:6      | Gained mutation: Your spells are a little easier to cast, but a little less powerful. [potion of mutation]
  4288 | D:6      | Gained mutation: Your flesh is heat resistant. (rF+) [potion of mutation]
  4289 | D:6      | Lost mutation: Your flesh is heat resistant. (rF+) [potion of mutation]
  4289 | D:6      | Lost mutation: Your spells are a little easier to cast, but a little less powerful. [potion of mutation]
  4289 | D:6      | Gained mutation: Your body sometimes deteriorates upon taking damage. [potion of mutation]
  4289 | D:6      | Gained mutation: You are partially covered in slimy green scales. (AC +2) [potion of mutation]
  4430 | D:6      | Reached XP level 9. HP: 68/68 MP: 8/8
  4803 | D:7      | Reached skill level 10 in Dodging
  4819 | D:7      | Found a sparkling altar of Nemelex Xobeh.
  4988 | D:7      | Found a sacrificial altar of Ru.
  5051 | D:7      | Reached skill level 11 in Long Blades
  5160 | D:7      | Found a snail-covered altar of Cheibriados.
  5160 | D:7      | Found a faded altar of an unknown god.
  5165 | D:7      | Found an ancient bone altar of Kikubaaqudgha.
  5167 | D:7      | Found a white marble altar of Elyvilon.
  5169 | D:7      | Found a faded altar of an unknown god.
  5270 | D:7      | Found a runed door.
  5299 | D:7      | Found a shattered altar of Ashenzari.
  5303 | D:7      | Saw a vision of the Swamp and the Spider Nest.
  5303 | D:7      | Noticed an alligator
  5303 | D:7      | Noticed an alligator
  5303 | D:7      | Noticed an alligator
  5303 | D:7      | Noticed an alligator
  5303 | D:7      | Noticed a wolf spider
  5304 | D:7      | Noticed a wolf spider
  5686 | D:7      | Noticed Crazy Yiuf
  5690 | D:7      | Killed Crazy Yiuf
  5766 | D:6      | Bought a dull robe for 176 gold pieces
  5776 | D:6      | Identified the cursed +0 robe "Foirch" {rPois MR+} (You bought it in a shop on level 6 of the Dungeon)
  5910 | D:8      | Got a warped jade ring
  6104 | D:8      | Reached skill level 12 in Long Blades
  6125 | D:8      | Identified the ring "Qulaa" {*Tele Int+8} (You found it on level 8 of the Dungeon)
  6603 | D:8      | Reached XP level 10. HP: 74/74 MP: 9/9
  7126 | D:9      | Found a deep blue altar of Sif Muna.
  7164 | D:9      | Found a hazy altar of Hepliaklqana.
  7422 | D:10     | Entered Level 10 of the Dungeon
  7511 | D:10     | Noticed a two-headed ogre
  7527 | D:9      | Killed a two-headed ogre
  7527 | D:9      | Reached skill level 13 in Long Blades
  7708 | D:10     | Reached skill level 14 in Long Blades
  7769 | D:10     | Noticed an orange demon
  7881 | D:10     | Found a staircase to the Lair.
  7926 | D:10     | Reached XP level 11. HP: 80/80 MP: 10/10
  8126 | D:10     | Found a blossoming altar of Fedhas.
  8129 | D:10     | Noticed an oklob plant
  8129 | D:10     | Noticed an oklob plant
  8331 | D:10     | Noticed an eight-headed hydra
  8397 | D:10     | HP: 3/80 [centaur/arrow (7)]
  8763 | D:11     | Reached skill level 1 in Evocations
  8773 | D:11     | Found a labyrinth entrance.
  8786 | Lab      | Entered a labyrinth
  9005 | Lab      | Noticed a minotaur
  9017 | Lab      | Killed a minotaur
  9021 | Lab      | Identified Tirarr's Collected Works on Helpful Necromancy
  9024 | Lab      | Identified the Disquisition on Good Luck
  9034 | Lab      | Identified the Volume of the Rocks
  9326 | D:11     | Noticed Nergalle
  9333 | D:11     | Killed Nergalle
  9829 | D:12     | Noticed a six-headed hydra
  9854 | D:12     | Noticed a catoblepas
  9854 | D:12     | a six-headed hydra changed into a catoblepas
  9964 | D:12     | Mangled by a cyclops

Skill      XL: |  1  2  3  4  5  6  7  8  9 10 11 |
---------------+----------------------------------+-----
Long Blades    | 4 5 6 7 8 10 12 14 | 14.9
Dodging        | 4 5 6 7 9 11 13 | 13.9
Evocations     | 4 |  4.0
Fighting       | |  2.4
Throwing       | |  2.0

Action                   |  1- 3 |  4- 6 |  7- 9 | 10-12 || total
-------------------------+-------+-------+-------+-------++-------
Melee: Long sword        |    70 |   103 |   315 |       ||   488
       Headbutt          |    12 |    21 |    99 |    98 ||   230
       Great sword       |       |       |    27 |   282 ||   309
Invok: Potion Petition   |       |       |       |     1 ||     1
Evoke: Wand              |       |       |       |    12 ||    12
  Use: Scroll            |       |       |    12 |     4 ||    16
       Potion            |       |       |     4 |     2 ||     6
 Stab: Sleeping          |       |     1 |     9 |     9 ||    19
       Distracted        |       |       |     2 |     4 ||     6
  Eat: Chunk             |       |     4 |     1 |       ||     5
       Ration            |       |       |     4 |     3 ||     7
Armor: Leather armour    |    20 |     8 |    51 |    89 ||   168
       Robe              |       |       |     9 |       ||     9
Dodge: Dodged            |    51 |    72 |   260 |   269 ||   652
       Rpst.: Long sword |    13 |    20 |    71 |       ||   104
       Great sword       |       |       |     3 |    62 ||    65
